 Dungeon Crawl Stone Soup version 0.30-a0-2-gf48d83f5e2 (webtiles) character file.

Game seed: 12696950845247649721

124 sanka the Conjurer (level 5, -11/37 HPs)
             Began as a Gnoll Conjurer on Aug 19, 2022.
             Killed by divine providence
             ... invoked by an orc priest
              (16 damage)
             ... on level 3 of the Dungeon.
             The game lasted 00:03:02 (2101 turns).

sanka the Conjurer (Gnoll Conjurer)                 Turns: 2101, Time: 00:03:03

Health: -11/37     AC:  3    Str:  7    XL:     5   Next: 8%
Magic:  4/12       EV: 13    Int: 29    God:
Gold:   135        SH:  0    Dex: 10    Spells: 11/14 levels left

rFire   + + .      SeeInvis .    a - +0 spear
rCold   . . .      Faith    .    (no shield)
rNeg    . . .      Spirit   .    c - +0 robe
rPois   .          Reflect  .    (no helmet)
rElec   .          Harm     .    (no cloak)
rCorr   .          Rampage  .    (no gloves)
Will    +....                    q - +0 pair of boots of Parts Unknown {Fly rF++ Int+4}
Stlth   ++........               (no amulet)
HPRegen 0.12/turn                v - +6 ring of intelligence
MPRegen 0.13/turn                s - ring of willpower

@: flying
A: fangs 1, strong nose, distributed training
a: no special abilities


You were on level 3 of the Dungeon.
You visited 1 branch of the dungeon, and saw 3 of its levels.

You collected 135 gold pieces.


Innate Abilities, Weirdness & Mutations

You have very sharp teeth.
Your uncanny sense of smell can sniff out nearby items.
Your experience applies equally to all skills.


   Skills:
 + Level 1.4 Fighting
 + Level 1.4 Short Blades
 + Level 1.4 Long Blades
 + Level 1.4 Axes
 + Level 1.4 Maces & Flails
 + Level 1.4 Polearms
 + Level 1.4 Staves
 + Level 1.4 Ranged Weapons
 + Level 1.4 Throwing
 + Level 1.4 Armour
 + Level 4.7 Dodging
 + Level 4.3 Stealth
 + Level 1.4 Shields
 + Level 1.4 Unarmed Combat
 + Level 5.1 Spellcasting
 + Level 7.2 Conjurations
 + Level 1.1 Hexes
 + Level 1.1 Summonings
 + Level 1.1 Necromancy
 + Level 1.1 Translocations
 + Level 1.1 Transmutations
 + Level 1.1 Fire Magic
 + Level 1.1 Ice Magic
 + Level 1.1 Air Magic
 + Level 1.1 Earth Magic
 + Level 1.1 Poison Magic
 + Level 1.5 Invocations
 + Level 1.4 Evocations


You had 11 spell levels left.
You knew the following spells:

 Your Spells              Type           Power      Damage    Failure   Level
x - Searing Ray           Conj           98%        2d8       1%          2
z - Magic Dart            Conj           100%       1d8       1%          1

Your spell library contained the following spells:

 Spells                   Type           Power      Damage    Failure   Level
 Dazzling Flash           Conj/Hex       62%        N/A       3%          3
 Fulminant Prism          Conj/Hex       15%        3d11      11%         4
 Iskenderun's Mystic Bla  Conj/Tloc      31%        2d8       11%         4

Inventory:

Hand Weapons
 a - a +0 spear (weapon)
 b - a +0 dagger
Armour
 c - a +0 robe (worn)
 q - the +0 pair of boots of Parts Unknown (worn) {Fly rF++ Int+4}

   Int:       It affects your intelligence (+4).
   rF:        It greatly protects you from fire.
   Fly:       It grants you flight.
Magical Staves
 r - a staff of cold
 u - a staff of conjuration {!a}
Jewellery
 s - a ring of willpower (right hand)
 v - a +6 ring of intelligence (left hand)
Scrolls
 e - a scroll of enchant armour {unknown}
 f - a scroll of teleportation {unknown}
 g - 2 scrolls of summoning {unknown}
 i - a scroll of acquirement {unknown}
 j - a scroll of immolation {unknown}
 k - 3 scrolls of amnesia {unknown}
 l - a scroll of fog {unknown}
 m - a scroll of brand weapon {unknown}
 n - a scroll of poison {unknown}
 t - a scroll of fear {unknown}
Potions
 d - a potion of heal wounds {unknown}
 h - a potion of magic
 o - a potion of curing {unknown}
 p - a potion of haste {unknown}
 w - a potion of degeneration {unknown}

Dungeon Overview and Level Annotations

Branches:
Dungeon (3/15)

Altars:

Shops:
D:2 ? D:3

* ▒▒'▒▒ ▒o▒ ▒o▒ ▒▒o▒▒
▒▒...▒▒ ▒.....▒ ▒▒.o.▒▒
▒▒.▒▒▒▒▒▒▒▒▒▒▒
..▒▒▒▒▒g▒▒▒........
▒...........▒▒▒▒▒▒▒
▒▒▒▒▒▒▒.▒▒▒▒▒ ▒▒▒▒▒▒ ▒.▒▒
▒....▒▒▒▒▒▒▒▒ ▒..▒▒▒
............▒
▒....▒▒▒▒▒▒▒▒▒▒▒▒▒
▒.▒..▒▒▒▒▒▒.▒
▒.▒▒.▒.▒.▒.......▒
........▒ ▒.▒
▒▒.▒........▒▒▒▒▒.▒
.▒.▒....▒▒▒.▒▒▒>.▒▒.▒.▒.▒.▒
▒.▒


You could see an orc priest and 3 orcs.


Message History

The orc is heavily wounded.
The orc shouts!
You hear a shout!
You hear a shout!
The orc hits you from afar with a +0 trident.
An orc priest comes into view. It is wielding a +0 hand axe.
The orc hits you but does no damage. The orc attacks as you move away!
The orc hits you with a +0 dagger.
The orc priest mumbles some strange prayers to Beogh against you.
Beogh smites you! The orc attacks as you move away!
The orc hits you with a +0 dagger.
* * * LOW HITPOINT WARNING * * *
An orc wizard comes into view. It is wielding a +0 dagger.
There is an open door here.
The orc priest invokes the aid of Beogh against you.
Beogh smites you!
* * * LOW HITPOINT WARNING * * *
Okay, then.
Aiming: Searing Ray (safe; 1% risk of failure)
The searing ray hits the orc.
You kill the orc!
The searing ray hits the orc!
The orc is almost dead. (Press . to maintain the ray.) Unknown command.
The orc priest invokes the aid of Beogh against you.
Beogh smites you!
You die...

Action                   |  1- 3 |  4- 6 || total
-------------------------+-------+-------++-------
 Cast: Magic Dart        |    60 |    33 ||    93
       Searing Ray       |       |     1 ||     1
Armor: Robe              |       |     2 ||     2
Dodge: Dodged            |     2 |     5 ||     7

Levels and vault maps discovered:
D:1:      roderic_crop_circles_arrival_small, layout_basic,
          hellmonk_ecumenical_altar_arch_garden, st_stairs_10,
          nicolae_kite_square_tiling_tiny
D:2:      layout_basic, serial_shops, nicolae_shop_hallway_stairs
D:3:      layout_loops_corners, serial_shops, nicolae_square_shop,
          nicolae_shop_unique_rings, st_stairs_8, hex_large

Notes
Turn   | Place    | Note
-------+----------+-------------------------------------------
     0 | D:1      | sanka the Gnoll Conjurer began the quest for the Orb.
     0 | D:1      | Reached XP level 1. HP: 13/13 MP: 6/6
   212 | D:1      | Reached XP level 2. HP: 19/19 MP: 3/7
   254 | D:1      | Learned a level 2 spell: Searing Ray
   574 | D:1      | Found a faded altar of an unknown god.
   869 | D:2      | Reached skill level 5 in Spellcasting
   869 | D:2      | Reached XP level 3. HP: 25/25 MP: 3/9
   957 | D:2      | Reached skill level 1 in Invocations
  1051 | D:2      | Reached skill level 1 in Fighting
  1051 | D:2      | Reached skill level 1 in Short Blades
  1051 | D:2      | Reached skill level 1 in Long Blades
  1051 | D:2      | Reached skill level 1 in Axes
  1051 | D:2      | Reached skill level 1 in Maces & Flails
  1051 | D:2      | Reached skill level 1 in Polearms
  1051 | D:2      | Reached skill level 1 in Staves
  1051 | D:2      | Reached skill level 1 in Ranged Weapons
  1051 | D:2      | Reached skill level 1 in Throwing
  1051 | D:2      | Reached skill level 1 in Armour
  1051 | D:2      | Reached skill level 1 in Shields
  1051 | D:2      | Reached skill level 1 in Unarmed Combat
  1051 | D:2      | Reached skill level 1 in Evocations
  1287 | D:2      | Reached XP level 4. HP: 32/32 MP: 7/11
  1431 | D:2      | Found Jineguh's Magic Scroll Emporium.
  1606 | D:3      | Found Xeiv's General Store.
  1611 | D:3      | Reached skill level 1 in Hexes
  1611 | D:3      | Reached skill level 1 in Summonings
  1611 | D:3      | Reached skill level 1 in Necromancy
  1611 | D:3      | Reached skill level 1 in Translocations
  1611 | D:3      | Reached skill level 1 in Transmutations
  1611 | D:3      | Reached skill level 1 in Fire Magic
  1611 | D:3      | Reached skill level 1 in Ice Magic
  1611 | D:3      | Reached skill level 1 in Air Magic
  1611 | D:3      | Reached skill level 1 in Earth Magic
  1611 | D:3      | Reached skill level 1 in Poison Magic
  1653 | D:3      | Identified the +0 pair of boots of Parts Unknown {Fly rF++
                  | Int+4}
  1884 | D:3      | Reached XP level 5. HP: 37/37 MP: 7/12
  2101 | D:3      | Killed from afar by an orc priest

Vanquished Creatures
  A jelly (D:3)
  5 adders
  4 orcs (D:3)
  5 endoplasms
  3 goblins
  4 hobgoblins
  2 jackals (D:1)
  3 quokkas
  6 ball pythons
  5 bats
  A frilled lizard (D:1)
  3 kobolds
  4 rats
46 creatures vanquished.

Vanquished Creatures (others)
  2 plants (D:1)
2 creatures vanquished.

Grand Total: 48 creatures vanquished
